 Dungeon Crawl Stone Soup version 0.31-a0-115-g4708a659fe (webtiles) character file.

Game seed: 14063970319395963071

127 BlueFish the Charlatan (level 4, -1/37 HPs)
             Began as a Draconian Artificer on May 29, 2023.
             Slain by an orc
             ... wielding a +0 mace
              (5 damage)
             ... on level 4 of the Dungeon.
             The game lasted 00:03:43 (2413 turns).

BlueFish the Charlatan (Draconian Artificer)        Turns: 2413, Time: 00:03:44

Health: -1/37      AC:  5    Str: 14    XL:     4   Next: 85%
Magic:  4/4        EV: 12    Int: 14    God:
Gold:   78         SH:  0    Dex: 11    Spells: 3/3 levels left

rFire   . . .        i - +3 quarterstaff
rCold   . . .        (shield currently unavailable)
rNeg    . . .        (body armour unavailable)
rPois   .            (helmet restricted)
rElec   .            n - scarf {repulsion}
rCorr   .            (no gloves)
SInv    .            (no boots)
Will    .....        (no amulet)
Stlth   +            (no ring)
HPRegen 0.26/turn    (no ring)
MPRegen 0.09/turn

%: repel missiles
@: confused
A: AC +5, unfitting armour, cold-blooded
a: no special abilities


You were on level 4 of the Dungeon.
You visited 1 branch of the dungeon, and saw 4 of its levels.

You collected 117 gold pieces.
You spent 39 gold pieces at shops.

Inventory:

Hand Weapons
 i - a +3 quarterstaff (weapon)
Armour
 a - a +0 cloak
 n - a scarf of repulsion (worn)
Wands
 b - a wand of flame (15) (quivered)
 c - a wand of charming (15)
 d - a wand of iceblast (5)
Scrolls
 e - 3 scrolls of teleportation {unknown}
 f - a scroll of immolation {unknown}
 g - 5 scrolls of identify {unknown}
 k - 2 scrolls of magic mapping {unknown}
 m - a scroll of fear {unknown}
Potions
 h - 2 potions of curing
 j - a potion of attraction {unknown}
 l - a potion of brilliance {unknown}


   Skills:
 + Level 2.5 Fighting
 + Level 1.4 Staves
 + Level 2.9 Dodging
 + Level 2.2 Stealth
 + Level 3.6 Evocations


You had 3 spell levels left.
You didn't know any spells.
Your spell library contained the following spells:

 Spells                   Type           Power      Damage    Failure   Level
 Cigotuvi's Dreadful Rot  Necr/Pois/Air  0%         N/A       41%         2
 Dispel Undead            Necr           0%         3d6       96%         4
 Manifold Assault         Tloc           0%         N/A       96%         4
 Death Channel            Necr           0%         N/A       100%        6
 Dispersal                Tloc           0%         N/A       100%        6
 Disjunction              Tloc           0%         N/A       100%        8


Dungeon Overview and Level Annotations

Branches:
Dungeon (4/15)             Temple (0/1) D:4

Altars:
Elyvilon
Yredelemnul

Shops:
D:1 !   D:2 (


Innate Abilities, Weirdness & Mutations

Your plain brown scales are hard. (AC +5)
You cannot fit into any form of body armour.
You are cold-blooded and may be slowed by cold attacks.


Message History

You barely miss the orc wizard.
The orc wizard is heavily wounded.
The orc wizard closely misses you. The orc misses you.
The orc hits you with a +0 club.
You barely miss the orc wizard. You tail-slap the orc wizard.
The orc wizard is almost dead.
You feel less confused. The orc hits you but does no damage.
The orc wizard hits you with a +0 dagger.
The orc barely misses you.
You closely miss the orc wizard.
Your tail-slap misses the orc wizard.
The orc wizard is almost dead.
The orc completely misses you.
The orc wizard hits you with a +0 dagger.
The orc hits you but does no damage.
You barely miss the orc wizard.
The orc wizard is almost dead.
The orc hits you with a +0 mace.
The orc wizard points at you and mumbles some strange words.
You are confused.
The orc hits you but does no damage. The orc wizard barely misses you.
The orc misses you. x2
You bump into the rock wall.
The orc wizard barely misses you. The orc closely misses you.
The orc hits you with a +0 club.
You miss the orc wizard.
The orc wizard is severely wounded.
The orc wizard hits you with a +0 dagger.
The orc closely misses you. The orc barely misses you.
You're too confused to move!
The orc hits you with a +0 mace.
The orc wizard hits you but does no damage.
The orc hits you with a +0 club.
* * * LOW HITPOINT WARNING * * *
You bump into the rock wall.
The orc barely misses you.
The orc wizard gestures at you while chanting.
The magic dart hits you.
* * * LOW HITPOINT WARNING * * *
The orc hits you but does no damage.
You miss the orc.
Your tail-slap misses the orc.
The orc hits you with a +0 mace.
You die...

###### .......... #.....
......... ######.....
......... ...........
......... ...........
........# ...........
........# ...........
......oo# ...........
.(....o@# ######+##.....
........# #.............
........###........#####
..........'........# #
.........##........+ .
##...###.##........# .
#... #.##.............
#... #.##........###..
### #.##........#


You could see an orc wizard and 2 orcs.

Vanquished Creatures
  Crazy Yiuf (D:2)
  Jessica (D:2)
  2 adders
  A worm (D:2)
  A dart slug (D:1)
  4 orcs
  2 endoplasms
  4 giant cockroaches
  3 goblins
  2 hobgoblins (D:2)
  2 quokkas
  4 ball pythons
  8 bats
  3 frilled lizards
  5 kobolds
  3 rats
46 creatures vanquished.

Notes
Turn   | Place    | Note
-------+----------+-------------------------------------------
     0 | D:1      | BlueFish the Draconian Artificer began the quest for the
                  | Orb.
     0 | D:1      | Reached XP level 1. HP: 16/16 MP: 1/1
    29 | D:1      | Reached skill level 1 in Stealth
    62 | D:1      | Found a faded altar of an unknown god.
   260 | D:1      | Reached XP level 2. HP: 19/23 MP: 2/2
   601 | D:1      | Found Rot Hirch's Distillery.
   621 | D:1      | Bought a potion of curing for 39 gold pieces
   673 | D:2      | Found Leitev's Weapon Shoppe.
   749 | D:2      | Reached XP level 3. HP: 29/29 MP: 3/3
   819 | D:2      | Found a runed translucent door.
   820 | D:2      | Noticed Crazy Yiuf
   826 | D:2      | Killed Crazy Yiuf
  1129 | D:2      | Identified the +9 short sword of the World {heavy, rF+}
  1188 | D:2      | Noticed Jessica
  1196 | D:2      | Killed Jessica
  1197 | D:2      | Reached skill level 1 in Staves
  1197 | D:2      | Reached XP level 4. HP: 17/37 MP: 4/4
  1677 | D:3      | Found a basalt altar of Yredelemnul.
  1768 | D:3      | Found a white marble altar of Elyvilon.
  2238 | D:4      | Found a staircase to the Ecumenical Temple.
  2413 | D:4      | Slain by an orc

Illustrated notes

Levels and vault maps discovered:
D:1:      ldierk_walled_garden_2, layout_basic,
          shapermc_ecumenical_altar_mp_ritualfount, serial_shops,
          nicolae_shop_industrial_runoff, nicolae_eternal_life
D:2:      layout_basic, serial_shops, shop, kennysheep_small_spiral,
          uniq_jessica, uniq_crazy_yiuf_cottage
D:3:      layout_basic, elyvilon_altar_1, mainiacjoe_overflow_alcove_1
D:4:      layout_basic, minmay_temple_entry_mist, chequers_garden

Skill      XL: |  1  2  3 |
---------------+----------+-----
Stealth        | 1 2 |  2.2
Fighting       | 2 |  2.5
Staves         | 1 |  1.4
Dodging        | |  2.9
Evocations     | |  3.6

Action                     |  1- 3 |  4- 6 || total
---------------------------+-------+-------++-------
  Melee: Club              |    23 |       ||    23
         Dagger            |    62 |       ||    62
         Tailslap          |    14 |     7 ||    21
         Quarterstaff      |    23 |    60 ||    83
   Stab: Sleeping          |     1 |     2 ||     3
 Armour: Skin              |    50 |    30 ||    80
  Dodge: Dodged            |    74 |    45 ||   119

Table legend: (Time is in decaauts)
 A = Elapsed time spent in this place.
 B = Non-inter-level travel time spent in this place.
 C = Inter-level travel time spent in this place.
 D = Time resting spent in this place.
 E = Time spent auto-exploring this place.
 F = Levels seen in this place.
 G = Mean time per level.
                   A        B        C        D        E       F      G
               +--------+--------+--------+--------+--------+-----+--------+
         Total |   2441 |   2384 |     57 |      0 |   1835 |   4 |  610.2 |
       Dungeon |   2441 |   2384 |     57 |      0 |   1835 |   4 |  610.2 |
               +--------+--------+--------+--------+--------+-----+--------+

Top non-repeatable levels by time:
     D:2: 987 daAuts
     D:1: 645 daAuts
     D:3: 625 daAuts
     D:4: 183 daAuts
